 Dungeon Crawl Stone Soup version 0.22-a0-799-g88f5e90 (webtiles) character file.

5937 mopl the Martial Artist (level 10, -2/92 HPs)
             Began as a Barachi Transmuter on July 21, 2018.
             Was a Priest of Cheibriados.
             Slain by a komodo dragon (27 damage)
             ... on level 9 of the Dungeon.
             The game lasted 00:16:25 (7658 turns).

mopl the Martial Artist (Barachi Transmuter)        Turns: 7658, Time: 00:16:26

Health: -2/92      AC:  6    Str: 19    XL:     10   Next: 83%
Magic:  12/16      EV: 15    Int: 21    God:    Cheibriados [***...]
Gold:   329        SH:  0    Dex: 22    Spells: 0/17 levels left

rFire    x . .     SeeInvis .     - Unarmed
rCold    + + +     Gourm    .   (shield currently unavailable)
rNeg     . . .     Faith    .   (armour currently unavailable)
rPois    +         Spirit   .   (helmet currently unavailable)
rElec    .         Reflect  .   (cloak currently unavailable)
rCorr    .         Harm     .   (gloves currently unavailable)
MR       .....                  (boots currently unavailable)
Stlth    ++........             (no amulet)
HPRegen  0.25/turn              (no ring)
MPRegen  0.15/turn              (no ring)

@: about to teleport, ice-form, very slow
A: large, +LOS, swims
a: End Transformation, Bend Time, Temporal Distortion, Renounce Religion


You were on level 9 of the Dungeon.
You worshipped Cheibriados.
Cheibriados was most pleased with you.
You were not hungry.
You were a creature of crystalline ice.
You visited 2 branches of the dungeon, and saw 10 of its levels.

You collected 329 gold pieces.

Inventory:

Missiles
 a - 136 arrows
 r - 27 poisoned needles
 t - 6 tomahawks of returning (quivered)
 A - 5 curare-tipped needles
 F - 2 silver tomahawks
Armour
 b - a +0 robe (melded)
 c - a +1 helmet (melded)
 h - a +1 pair of boots (melded)
 k - a +0 cloak (melded)
 p - a +1 pair of gloves (melded)
Jewellery
 w - an uncursed amulet of rage {unknown}
 B - an uncursed ring of ice
 D - a cursed ring of teleportation {unknown}
Wands
 x - a wand of clouds (4)
 z - a wand of acid (34)
Scrolls
 f - 2 scrolls of amnesia {unknown}
 g - 2 scrolls of noise {unknown}
 i - a scroll of enchant armour {unknown}
 j - 5 scrolls of remove curse
 m - a scroll of immolation {unknown}
 o - 2 scrolls of random uselessness {unknown}
 u - 2 scrolls of teleportation
 v - 3 scrolls of magic mapping {unknown}
 y - 2 scrolls of enchant weapon {unknown}
 C - 2 scrolls of identify
Potions
 e - a potion of magic
 l - a potion of resistance
 n - a potion of flight
 q - a potion of heal wounds
 s - 2 potions of brilliance
 G - a potion of lignification {!q}
Comestibles
 d - 14 rations
 E - a chunk of flesh


   Skills:
 + Level 6.9 Fighting
 + Level 6.4 Dodging
 * Level 10.2 Unarmed Combat
 - Level 4.0 Spellcasting
 - Level 2.5 Necromancy
 - Level 2.0 Translocations
 + Level 7.1 Transmutations
 - Level 3.0 Ice Magic
 - Level 3.0 Poison Magic
 + Level 4.7 Invocations


You couldn't memorise any spells.
You knew the following spells:

 Your Spells              Type           Power        Failure   Level  Hunger
a - Apportation           Tloc           ##....       5%          1    None
b - Spider Form           Tmut/Pois      ####......   4%          3    ###....
c - Blade Hands           Tmut           ####......   17%         5    ######.
d - Ice Form              Ice/Tmut       ####....     14%         4    ####...
e - Beastly Appendage     Tmut           ####..       1%          1    None
w - Sticks to Snakes      Tmut           ####....     1%          2    #......
x - Animate Skeleton      Necr           N/A          4%          1    None

Your spell library contained the following spells:

 Spells                   Type           Power        Failure   Level  Hunger
 Summon Small Mammal      Summ           #...         12%         1    None
 Confusing Touch          Hex            #.....       12%         1    None


Dungeon Overview and Level Annotations

Branches:
Dungeon (9/15)             Temple (1/1) D:4
   Lair: D:8-11         Orc: D:9-12

Altars:
Ashenzari
Cheibriados
Fedhas
Gozag
Kikubaaqudgha
Sif Muna
Uskayaw
Vehumet
Wu Jian

Shops:
D:6 (   D:7 =

Annotations:
D:4 exclusion: troll


Innate Abilities, Weirdness & Mutations

Shadows flee at your approach. (+LOS)
You can swim through water.
((You cover ground slowly.))
((You can hop short distances.))


Message History

A komodo dragon comes into view.
The komodo dragon hisses angrily.
A hungry ghost comes into view.
A howler monkey zombie comes into view.
The komodo dragon moves out of view.
Things that are here:
a leopard gecko corpse; a bullfrog corpse Butcher a leopard gecko corpse? [(y)es/(n)o/(a)ll/(q)uit/?]
You butcher the leopard gecko corpse.
You butcher the bullfrog corpse.
Things that are here:
2 chunks of flesh x2
As you read the scroll labeled GUETOSESTE, it crumbles to dust.
You feel strangely unstable.
It was a scroll of teleportation.
You hit the komodo dragon. You freeze the komodo dragon.
The komodo dragon is lightly wounded.
You hit the komodo dragon.
The komodo dragon seems to slow down.
You freeze the komodo dragon.
The komodo dragon is moderately wounded.
The komodo dragon bites you!!
You die...

#############
........WlY.#
####....##.#
#.....[.#.#
#>........#.#
..........#.#
..........#.#
#...........#
#....####...#
#.... #...#


You could see a komodo dragon and a hungry ghost.

Vanquished Creatures
  Gastronok (D:9)
  Pikel (D:7)
  Grinder (D:5)
  A hippogriff (D:9)
  A hungry ghost (D:8)
  Menkaure (D:4)
  A slave (D:7)
  2 sky beasts
  A black bear (D:6)
  A hornet zombie (D:8)
  3 orc warriors
  3 ice beasts
  4 ogres
  A phantom (D:6)
  2 centaurs
  5 bullfrogs
  A water moccasin skeleton (D:7)
  5 scorpions
  7 killer bees
  5 wights (D:6)
  A crimson imp (D:8)
  A jelly (D:5)
  3 orc wizards
  A quasit (D:5)
  2 hounds
  An orc priest (D:5)
  A bullfrog skeleton (D:4)
  A centaur skeleton (D:8)
  Ijyb (D:4)
  5 worker ants
  A hound zombie (D:5)
  A hound skeleton (D:5)
  A howler monkey skeleton (D:6)
  9 adders
  2 oozes
  3 adder zombies
  2 adder skeletons
  3 worms
  2 dart slugs
  4 leopard geckos
  11 orcs
  5 giant cockroaches
  5 goblins
  6 hobgoblins
  10 jackals
  2 quokkas
  2 bats
  4 frilled lizards
  4 kobolds
  A leopard gecko skeleton (D:4)
  23 rats
165 creatures vanquished.

Vanquished Creatures (collateral kills)
  A worm (D:1)
1 creature vanquished.

Vanquished Creatures (others)
  An adder (D:7)
  A quokka zombie (D:7)
2 creatures vanquished.

Grand Total: 168 creatures vanquished

Notes
Turn   | Place    | Note
-------+----------+-------------------------------------------
     0 | D:1      | mopl the Barachi Transmuter began the quest for the Orb.
     0 | D:1      | Reached XP level 1. HP: 15/15 MP: 3/3
   622 | D:1      | Reached XP level 2. HP: 21/21 MP: 5/5
   626 | D:1      | Learned a level 2 spell: Sticks to Snakes
  1362 | D:2      | Found an ornate altar of the Wu Jian Council.
  1484 | D:2      | Reached skill level 4 in Unarmed Combat
  1484 | D:2      | Reached XP level 3. HP: 26/26 MP: 6/6
  1498 | D:2      | Learned a level 3 spell: Spider Form
  2120 | D:3      | Reached XP level 4. HP: 21/32 MP: 8/8
  2286 | D:3      | Reached skill level 1 in Poison Magic
  2361 | D:3      | Reached skill level 3 in Transmutations
  2366 | D:3      | Found a blossoming altar of Fedhas.
  2367 | D:3      | Reached skill level 3 in Spellcasting
  2551 | D:4      | Noticed an ogre
  2551 | D:4      | Noticed a troll
  2566 | D:4      | Killed an ogre
  2566 | D:4      | Reached skill level 5 in Unarmed Combat
  2566 | D:4      | Reached skill level 2 in Poison Magic
  2566 | D:4      | Reached XP level 5. HP: 35/37 MP: 2/9
  2571 | D:4      | Reached XP level 6. HP: 41/43 MP: 3/10
  2596 | D:4      | Learned a level 4 spell: Ice Form
  2755 | D:4      | Noticed Ijyb
  2763 | D:4      | Killed Ijyb
  2802 | D:4      | Reached skill level 2 in Fighting
  2831 | D:4      | Found a staircase to the Ecumenical Temple.
  2841 | Temple   | Entered the Ecumenical Temple
  2845 | Temple   | Became a worshipper of Cheibriados the Contemplative
  2881 | D:4      | Learned a level 1 spell: Animate Skeleton
  3032 | D:4      | Noticed Menkaure
  3625 | D:5      | Entered Level 5 of the Dungeon
  3625 | D:5      | Noticed Grinder
  3672 | D:5      | Paralysed by Grinder for 3 turns
  3682 | D:5      | HP: 1/44 [Grinder/nerve-wracking pain (8)]
  3693 | D:5      | Paralysed by Grinder for 5 turns
  3701 | D:5      | Killed Grinder
  3701 | D:5      | Reached skill level 3 in Dodging
  3701 | D:5      | Reached skill level 6 in Unarmed Combat
  3701 | D:5      | Reached skill level 4 in Transmutations
  3701 | D:5      | Reached skill level 1 in Invocations
  3701 | D:5      | Reached XP level 7. HP: 22/51 MP: 11/11
  4059 | D:5      | Reached skill level 3 in Poison Magic
  4099 | D:5      | Reached skill level 3 in Fighting
  4134 | D:5      | Found a shattered altar of Ashenzari.
  4347 | D:4      | Killed Menkaure
  4347 | D:4      | Reached skill level 1 in Ice Magic
  4347 | D:4      | Reached XP level 8. HP: 58/58 MP: 12/12
  4432 | D:4      | Reached skill level 2 in Invocations
  4593 | D:5      | Reached skill level 7 in Unarmed Combat
  4851 | D:5      | Reached * piety under Cheibriados
  4860 | D:5      | Learned a level 1 spell: Apportation
  5028 | D:6      | Found a hide-covered altar of Uskayaw.
  5044 | D:6      | Reached skill level 4 in Dodging
  5044 | D:6      | Reached skill level 2 in Ice Magic
  5065 | D:6      | Reached skill level 4 in Fighting
  5088 | D:6      | Found Tuqap's Antique Weapon Boutique.
  5138 | D:6      | Reached skill level 5 in Transmutations
  5269 | D:6      | Reached skill level 3 in Ice Magic
  5269 | D:6      | Reached XP level 9. HP: 12/66 MP: 10/13
  5562 | D:6      | Reached skill level 3 in Invocations
  5597 | D:6      | Reached skill level 8 in Unarmed Combat
  5598 | D:6      | Reached ** piety under Cheibriados
  5950 | D:6      | Reached skill level 5 in Fighting
  5966 | D:6      | Reached skill level 5 in Dodging
  6356 | D:7      | Found an ancient bone altar of Kikubaaqudgha.
  6398 | D:7      | Found an opulent altar of Gozag.
  6516 | D:7      | Reached skill level 6 in Transmutations
  6572 | D:7      | Reached skill level 4 in Spellcasting
  6583 | D:7      | Reached skill level 9 in Unarmed Combat
  6730 | D:7      | Found Sush's Jewellery Emporium.
  6767 | D:7      | Noticed Pikel
  6778 | D:7      | Killed Pikel
  6778 | D:7      | Reached skill level 6 in Fighting
  6778 | D:7      | Reached skill level 1 in Necromancy
  6778 | D:7      | Reached skill level 1 in Translocations
  6778 | D:7      | Reached skill level 4 in Invocations
  6778 | D:7      | Reached XP level 10. HP: 66/76 MP: 13/16
  6832 | D:7      | Found a deep blue altar of Sif Muna.
  7471 | D:8      | Reached *** piety under Cheibriados
  7600 | D:8      | Learned a level 5 spell: Blade Hands
  7607 | D:8      | You fall through a shaft!
  7607 | D:9      | Noticed Gastronok
  7621 | D:9      | Reached skill level 2 in Translocations
  7637 | D:9      | Killed Gastronok
  7637 | D:9      | Reached skill level 6 in Dodging
  7637 | D:9      | Reached skill level 10 in Unarmed Combat
  7637 | D:9      | Reached skill level 2 in Necromancy
  7637 | D:9      | Reached skill level 7 in Transmutations
  7643 | D:9      | HP: 1/92 [killer bee (9)]
  7658 | D:9      | Slain by a komodo dragon

Vault maps used:
D:1:      scummos_arrival_simple_crosswalls
D:2:      lemuel_crystal_altar
D:3:      fedhas_altar_fruit_tree
D:4:      minmay_temple_entry_overgrown, minmay_rat_hole, uniq_ijyb,
          uniq_menkaure
D:5:      lemuel_doored_altar, first_ration, minivault_19, uniq_grinder
D:6:      basic_altar, serial_shops, nicolae_shop_waterfront,
          kennysheep_generic_room_4
D:7:      old_standard_altar, kennysheep_little_box, kiku_gazebo_pond_becter,
          serial_shops, shop_fountains, uniq_pikel
D:8:      gammafunk_ghost_cemetery, hangedman_pestilent_swarm,
          hangedman_abyss_or_decor_stagger, hangedman_minor_gate_pass
D:9:      nicolae_dithmenos_the_darkroom, erik_lair_dragon,
          wad_floor_pattern_untrapped, hangedman_abyss_or_decor_lesser_grid,
          minmay_ruined_shrine, uniq_gastronok
Temple:   kb_temple_of_zot

Skill      XL: |  1  2  3  4  5  6  7  8  9 10 |
---------------+-------------------------------+-----
Unarmed Combat | 4 5 6 7 9 10 | 10.2
Poison Magic   | 2 3 |  3.0
Transmutations | 3 4 5 6 7 |  7.1
Spellcasting   | 3 4 |  4.0
Fighting       | 2 3 4 6 |  6.9
Dodging        | 3 4 5 6 |  6.4
Invocations    | 1 2 4 |  4.7
Ice Magic      | 1 3 |  3.0
Necromancy     | 1 2 |  2.5
Translocations | 1 2 |  2.0

Action                   |  1- 3 |  4- 6 |  7- 9 | 10-12 || total
-------------------------+-------+-------+-------+-------++-------
Melee: Unarmed           |   116 |   127 |   311 |    73 ||   627
       Punch             |       |     2 |     1 |     1 ||     4
 Cast: Beastly Appendage |     1 |       |       |       ||     1
       Sticks to Snakes  |     3 |       |       |       ||     3
       Spider Form       |     2 |     5 |    13 |     3 ||    23
       Ice Form          |       |       |     6 |     4 ||    10
 Abil: End Transformatio |     1 |       |     4 |       ||     5
       Hop               |       |       |       |     1 ||     1
Evoke: Wand              |       |       |     5 |       ||     5
  Use: Scroll            |     1 |     1 |     5 |     1 ||     8
       Potion            |       |     3 |     1 |     1 ||     5
 Stab: Sleeping          |     1 |     2 |     1 |       ||     4
       Distracted        |       |     1 |       |       ||     1
  Eat: Chunk             |     5 |     4 |    11 |       ||    20
       Ration            |       |     1 |       |     1 ||     2
Armor: Robe              |    26 |    58 |    45 |     7 ||   136
       Skin              |       |    11 |    48 |     5 ||    64
Dodge: Dodged            |    61 |   100 |   220 |    51 ||   432

Table legend:
 A = Spawn XP
 B = Non-spawn XP
 C = Spawn XP percentage of total XP
 D = Spawn monster count
 E = Non-spawn monster count
 F = Spawn count percentage of total count
 G = Total turns spent on level
                    A         B        C        D         E        F      G
               +---------+---------+-------+---------+---------+-------+---------
         Total |       0 |    8482 |   0.0 |       0 |     165 |   0.0 |  7658
               +---------+---------+-------+---------+---------+-------+---------
           D:1 |       0 |      19 |   0.0 |       0 |       8 |   0.0 |  1053
           D:2 |       0 |      27 |   0.0 |       0 |      15 |   0.0 |   760
           D:3 |       0 |     127 |   0.0 |       0 |      20 |   0.0 |  1207
           D:4 |       0 |     520 |   0.0 |       0 |      37 |   0.0 |   857
           D:5 |       0 |     882 |   0.0 |       0 |      22 |   0.0 |  1056
           D:6 |       0 |    1586 |   0.0 |       0 |      26 |   0.0 |  1188
           D:7 |       0 |    2028 |   0.0 |       0 |      25 |   0.0 |  1212
           D:8 |       0 |     605 |   0.0 |       0 |       6 |   0.0 |   265
           D:9 |       0 |    2688 |   0.0 |       0 |       6 |   0.0 |    51
               +---------+---------+-------+---------+---------+-------+---------
